 Dungeon Crawl Stone Soup version 0.30-a0-457-g4b7bca3bfa (webtiles) character file.

Game seed: 17240554897477748731

50 bande the Covered (level 3, -3/23 HPs)
             Began as a Gargoyle Fighter on Dec 13, 2022.
             Blown up by Ijyb (10 damage)
             ... with a mindburst bolt
             ... on level 3 of the Dungeon.
             The game lasted 00:03:20 (1806 turns).

bande the Covered (Gargoyle Fighter)                Turns: 1806, Time: 00:03:21

Health: -3/23      AC: 11    Str: 19    XL:     3   Next: 79%
Magic:  3/3        EV:  9    Int:  8    God:
Gold:   154        SH:  4    Dex: 11    Spells: 2/2 levels left

rFire   . . .      SeeInvis .    a - +0 war axe
rCold   . . .      Faith    .    c - +0 buckler
rNeg    + . .      Spirit   .    b - +0 scale mail
rPois   ∞          Reflect  .    (no helmet)
rElec   +          Harm     .    f - +0 cloak
rCorr   .          Rampage  .    (no gloves)
Will    .....                    (no boots)
Stlth   ..........               (no amulet)
HPRegen 0.23/turn                (no ring)
MPRegen 0.08/turn                (no ring)

@: no status effects
A: sickness immunity, AC +3, negative energy resistance 1, electricity
resistance, torment resistance 1, petrification resistance
a: no special abilities


You were on level 3 of the Dungeon.
You visited 1 branch of the dungeon, and saw 3 of its levels.

You collected 154 gold pieces.

Inventory:

Hand Weapons
 a - a +0 war axe (weapon)
Armour
 b - a +0 scale mail (worn)
 c - a +0 buckler (worn)
 f - a +0 cloak (worn)
 n - a +0 hat
Jewellery
 i - a ring of magical power
Scrolls
 j - a scroll of teleportation
 m - a scroll of fog {unknown}
Potions
 d - 2 potions of might
 e - a potion of lignification {unknown}
 g - a potion of haste
 h - a potion of ambrosia
 k - a potion of curing {unknown}
 l - a potion of heal wounds {unknown}


   Skills:
 + Level 3.6 Fighting
 + Level 2.5 Axes
 + Level 4.0 Armour
 + Level 3.6 Shields


You had 2 spell levels left.
You didn't know any spells.
Your spell library was empty.

Dungeon Overview and Level Annotations

Branches:
Dungeon (3/15)

Altars:
Makhleb

Shops:
D:1 :

Annotations:
D:3 Ijyb


Innate Abilities, Weirdness & Mutations

You are immune to sickness and miasma.
Your stone body is resilient. (AC +3)
You are immune to poison.
You resist negative energy. (rN+)
You are resistant to electric shocks. (rElec)
You are resistant to unholy torment.
You are immune to petrification.


Message History

The jackal bites you but does no damage.
The jackal closely misses you.
The jackal barks!
You hit the jackal but do no damage.
You hear a shout!
The jackal bites you but does no damage.
The jackal closely misses you.
You hit the jackal but do no damage.
The jackal bites you but does no damage.
A goblin comes into view. It is wielding a +0 dagger.
You slash the jackal!
You kill the jackal!
You block the jackal's attack.
You slash the jackal!
You kill the jackal!
Ijyb the Twisted Goblin comes into view.
She is wielding a +0 club and carrying a wand of mindburst (6).
The jackal bites you but does no damage.
You hit the jackal but do no damage.
Ijyb drinks a potion.
Ijyb suddenly seems more resistant.
You block the jackal's attack.
The jackal bites you but does no damage.
You barely miss the jackal. The jackal bites you.
You block the jackal's attack.
You hit the jackal but do no damage. The jackal barely misses you.
The jackal bites you but does no damage.
The kobold drinks a potion.
The kobold seems to grow stronger.
You hit the jackal.
You kill the jackal!
You barely miss Ijyb. Ijyb completely misses you.
You slash Ijyb!
Ijyb is moderately wounded.
Ijyb zaps a wand.
Your mind is blasted!
Ijyb hits you with a +0 club.
You completely miss Ijyb.
Ijyb is moderately wounded.
Ijyb closely misses you.
You closely miss Ijyb.
Ijyb is moderately wounded.
Ijyb zaps a wand.
Your mind is blasted!
Ouch! That really hurt!
Ijyb zaps a wand.
Your mind is blasted!
You die...

#.# #..≈≈≈≈≈..#
#.## #.≈.....≈.#
#..# #.≈.≈≈≈.≈.#
##.# #.≈≈...≈≈.#
#.# #.≈≈._.≈≈.#
###.####.≈≈...≈≈.#
(......#.≈.≈≈≈.≈.#
.......#†≈.....≈.#
.......#..≈≈≈≈≈.@#
###.#...#########g#
#.#...# g# #..##.#
.# ##. #.# .. #.
#.# .. #. #.. .##
##. ## .#


You could see Ijyb (resistant) and a goblin.

Vanquished Creatures
  An adder (D:2)
  2 worms (D:2)
  A dart slug (D:1)
  4 endoplasms
  A giant cockroach (D:2)
  3 goblins
  2 hobgoblins (D:1)
  3 jackals (D:3)
  3 ball pythons
  3 bats
  A frilled lizard (D:2)
  4 kobolds (D:2)
  5 rats
33 creatures vanquished.

Notes
Turn   | Place    | Note
-------+----------+-------------------------------------------
     0 | D:1      | bande the Gargoyle Fighter began the quest for the Orb.
     0 | D:1      | Reached XP level 1. HP: 14/14 MP: 1/1
   221 | D:1      | Found Apher's Book Emporium.
   258 | D:1      | Reached XP level 2. HP: 19/19 MP: 2/2
   939 | D:2      | Reached XP level 3. HP: 16/23 MP: 3/3
  1538 | D:2      | Found a faded altar of an unknown god.
  1585 | D:2      | Reached skill level 4 in Armour
  1770 | D:3      | Found a burning altar of Makhleb.
  1798 | D:3      | Noticed Ijyb
  1806 | D:3      | Blown up by Ijyb

Illustrated notes

Levels and vault maps discovered:
D:1:      lemuel_arrival_behind_the_door_small, layout_rooms, serial_shops, shop
D:2:      layout_loops_ring, shapermc_ecumenical_altar_petra, serial_rivers,
          chequers_serial_rivers_large_b, chequers_serial_rivers_marsh,
          chequers_serial_rivers_small_b, chequers_serial_rivers_large_a,
          chequers_serial_rivers_marsh
D:3:      layout_rooms, mainiacjoe_overflow_paths, uniq_ijyb

Skill      XL: |  1  2  3 |
---------------+----------+-----
Axes           | 2 |  2.5
Armour         | 4 |  4.0
Fighting       | |  3.6
Shields        | |  3.6

Action                   || total
-------------------------++-------
Melee: War axe           ||    99
  Use: Scroll            ||     6
Armor: Scale mail        ||    36
Dodge: Dodged            ||    44
Block: Buckler           ||    26

Table legend: (Time is in decaauts)
 A = Elapsed time spent in this place.
 B = Non-inter-level travel time spent in this place.
 C = Inter-level travel time spent in this place.
 D = Time resting spent in this place.
 E = Time spent auto-exploring this place.
 F = Levels seen in this place.
 G = Mean time per level.
                   A        B        C        D        E       F      G
               +--------+--------+--------+--------+--------+-----+--------+
         Total |   1895 |   1755 |    140 |    131 |   1324 |   3 |  631.7 |
       Dungeon |   1895 |   1755 |    140 |    131 |   1324 |   3 |  631.7 |
               +--------+--------+--------+--------+--------+-----+--------+

Top non-repeatable levels by time:
     D:2: 1080 daAuts
     D:1: 753 daAuts
     D:3: 61 daAuts
